 Dungeon Crawl Stone Soup version 0.29.1-1-gd02db6906a (webtiles) character file.

Game seed: 56586671544693415

18 RogueRain17 the Poker (level 2, 0/22 HPs)
             Began as a Demonspawn Gladiator on Sept 16, 2022.
             Slain by a ball python (1 damage)
             ... on level 1 of the Dungeon.
             The game lasted 00:01:23 (600 turns).

RogueRain17 the Poker (Demonspawn Gladiator)         Turns: 600, Time: 00:01:23

Health: 0/22       AC:  4    Str: 14    XL:     2   Next: 48%
Magic:  2/2        EV:  9    Int:  9    God:
Gold:   35         SH:  0    Dex: 14    Spells: 1/1 levels left

rFire   . . .      SeeInvis .   a - +0 trident
rCold   . . .      Faith    .   (no shield)
rNeg    . . .      Spirit   .   b - +0 leather armour
rPois   .          Reflect  .   c - +0 helmet
rElec   .          Harm     .   (no cloak)
rCorr   .          Rampage  .   (no gloves)
Will    .....                   (no boots)
Stlth   +.........              (no amulet)
HPRegen 0.07/turn               (no ring)
MPRegen 0.08/turn               (no ring)

@: constricted
A: foul stench 1
a: no special abilities


You were on level 1 of the Dungeon.
You visited 1 branch of the dungeon, and saw 1 of its levels.

You collected 35 gold pieces.

Inventory:

Hand Weapons
 a - a +0 trident (weapon)
Missiles
 d - 3 throwing nets (quivered)
 e - a javelin
Armour
 b - a +0 leather armour (worn)
 c - a +0 helmet (worn)
Scrolls
 f - a scroll of fog {unknown}
 h - a scroll of identify {unknown}
 j - a scroll of fear {unknown}
Potions
 g - a potion of haste {unknown}
 i - a potion of heal wounds {unknown}


   Skills:
 - Level 2.0 Fighting
 * Level 3.2 Polearms
 + Level 1.8 Throwing
 + Level 0.2 Armour
 + Level 2.8 Dodging
 + Level 0.1 Stealth


You had one spell level left.
You didn't know any spells.
Your spell library was empty.

Dungeon Overview and Level Annotations

Branches:
Dungeon (1/15)

Altars:


Innate Abilities, Weirdness & Mutations

You may rarely emit foul miasma when damaged in melee.


Message History

The ball python is severely wounded.
The ball python misses you. The ball python constricts you.
The ball python closely misses you.
The hobgoblin hits you but does no damage.
The ball python bites you but does no damage.
The ball python constricts you.
You closely miss the ball python.
The ball python is severely wounded.
The ball python bites you but does no damage.
The hobgoblin hits you.
* * * LOW HITPOINT WARNING * * *
The ball python bites you but does no damage.
The ball python constricts you. The ball python closely misses you.
You barely miss the ball python.
The ball python is severely wounded.
The ball python closely misses you. The ball python constricts you.
The hobgoblin closely misses you. The ball python closely misses you.
You closely miss the ball python.
The ball python is severely wounded.
The ball python bites you.
* * * LOW HITPOINT WARNING * * *
The ball python constricts you. The ball python barely misses you.
The hobgoblin hits you but does no damage.
The ball python bites you but does no damage.
The ball python constricts you.
Unknown command.
Unknown command.
You escape the ball python's grasp.
The hobgoblin hits you.
* * * LOW HITPOINT WARNING * * *
The ball python closely misses you. The ball python grabs you.
The ball python constricts you. The ball python closely misses you.
The hobgoblin barely misses you.
The ball python bites you but does no damage.
The ball python constricts you. The ball python barely misses you.
The ball python barely misses you. The ball python constricts you.
The hobgoblin hits you.
* * * LOW HITPOINT WARNING * * *
The ball python bites you.
You die...

#####........# ####.......#
.#............##...........###
..............++...........+..
..............##...........###
.......#.............##...## #
............)........##...# #
.........####........##...####
..#.....# #gS..######.......
............#@S.....).........
............###.............).
............# #........#......
...#........# #........#......
.. #........# #...#...######..
. .........# #...###... #..
.........## #...# ###.. #.#
#...# #. #.# #..


You could see a hobgoblin and 2 ball pythons.

Vanquished Creatures
  2 dart slugs (D:1)
  2 endoplasms (D:1)
  2 goblins (D:1)
  2 hobgoblins (D:1)
  A quokka (D:1)
  A ball python (D:1)
  2 kobolds (D:1)
  2 rats (D:1)
14 creatures vanquished.

Notes
Turn   | Place    | Note
-------+----------+-------------------------------------------
     0 | D:1      | RogueRain17 the Demonspawn Gladiator began the quest for
                  | the Orb.
     0 | D:1      | Reached XP level 1. HP: 16/16 MP: 1/1
   264 | D:1      | Reached skill level 3 in Polearms
   264 | D:1      | Gained mutation: You may rarely emit foul miasma when
                  | damaged in melee. [demonic ancestry]
   264 | D:1      | Reached XP level 2. HP: 22/22 MP: 2/2
   600 | D:1      | HP: 1/22 [hobgoblin (1)]
   600 | D:1      | Slain by a ball python

Illustrated notes

Levels and vault maps discovered:
D:1:      saegor_arrival_simple_a, layout_basic, serial_curves, eino_curves_03,
          eino_curves_03, st_stairs_3

Skill      XL: |  1 |
---------------+----+-----
Polearms       | 3 |  3.2
Fighting       | |  2.0
Throwing       | |  1.8
Armour         | |  0.2
Dodging        | |  2.8
Stealth        | |  0.1

Action                   || total
-------------------------++-------
Melee: Trident           ||    43
 Stab: Sleeping          ||     1
Armor: Leather armour    ||    19
Dodge: Dodged            ||    39
